 Dungeon Crawl Stone Soup version 0.19.0-11-g3fc08b3 (webtiles) character file.

240496 dobroeutro the Executioner (level 18, -8/192 HPs)
             Began as a Minotaur Berserker on Nov 8, 2016.
             Was the Champion of Trog.
             Killed from afar by a wizard (28 damage)
             ... with a crystal spear
             ... on level 2 of the Vaults.
             The game lasted 01:16:45 (31234 turns).

dobroeutro the Executioner (Minotaur Berserker)    Turns: 31234, Time: 01:16:46

Health: -8/192     AC: 28    Str: 31    XL:     18   Next: 62%
Magic:  5/5        EV: 18    Int: 16    God:    Trog [******]
Gold:   2185       SH:  2    Dex: 15    Spells: 0 memorised, 17 levels left

rFire  + + .     SeeInvis .     u - +12 battleaxe of Saetip {antimagic, *Contam rPois Int+6}
rCold  . . .     Gourm    .     v - +5 plate armour {rF+}
rNeg   . . .     Faith    .     (shield currently unavailable)
rPois  +         Spirit   .     (helmet unavailable)
rElec  +         Reflect  +     s - +0 cloak
rCorr  .         Harm     .     G - +0 pair of gloves
MR     +++..     Rnd*Rage +     m - +2 pair of boots {run}
Stlth  ..........               A - amulet "Peny Appass" {Reflect rElec rF+ Int+3 SH+2}
                                C - ring of Wiel {rElec rPois rC- Str+4 Int+3}
                                X - ring of protection from cold

@: corroded, regenerating, slowed, drained, very slow
A: retaliatory headbutt, horns 3, rugged brown scales 1, slimy green scales 1,
agile 1, berserk 1, robust 1, electricity resistance
a: Berserk, Trog's Hand, Brothers in Arms, Burn Spellbooks, Renounce Religion
}: 2/15 runes: decaying, gossamer


You were on level 2 of the Vaults.
You worshipped Trog.
Trog was exalted by your worship.
You were not hungry.

You visited 6 branches of the dungeon, and saw 33 of its levels.
You also visited: Labyrinth and Ice Cave.

You collected 4041 gold pieces.
You spent 1856 gold pieces at shops.

Inventory:

Hand Weapons
 n - a +2 executioner's axe of venom
 p - a +2 vampiric battleaxe
 u - the +12 battleaxe of Saetip (weapon) {antimagic, *Contam rPois Int+6}
   (Trog gifted it to you on level 1 of the Vaults)

   It reduces the magical energy of the wielder, and disrupts the spells and
   magical abilities of those hit.
   Natural abilities and divine invocations are not affected.
   It affects your intelligence (+6).
   It protects you from poison.
   It causes magical contamination when unequipped.
 E - a +6 executioner's axe of freezing
 O - a +2 war axe of flaming
Armour
 a - the +3 hat of Pondering {ponderous, MR+ MP+10 Int+5}
   (You bought it in a shop on level 2 of the Orcish Mines)

   It affects your intelligence (+5).
   It affects your resistance to hostile enchantments.
   It affects your magic capacity (+10).
 m - a +2 pair of boots of running (worn)
 s - a +0 cloak (worn)
 t - the +1 plate armour of Beogh's Esteem {MR+}
   (You found it on level 8 of the Dungeon)

   It affects your resistance to hostile enchantments.
 v - a +5 plate armour of fire resistance (worn)
 G - a +0 pair of gloves (worn)
Jewellery
 A - the amulet "Peny Appass" (around neck) {Reflect rElec rF+ Int+3 SH+2}
   (You found it on level 5 of the Lair of Beasts)

   [amulet of reflection]

   It shields you and reflects attacks.
   It affects your intelligence (+3).
   It protects you from fire.
   It insulates you from electricity.
   It affects your SH (+2).
 C - the ring of Wiel (right hand) {rElec rPois rC- Str+4 Int+3}
   (You found it on level 11 of the Dungeon)

   [ring of intelligence]

   It affects your strength (+4).
   It affects your intelligence (+3).
   It makes you vulnerable to cold.
   It insulates you from electricity.
   It protects you from poison.
 M - a +6 ring of slaying
 Q - an uncursed ring of see invisible
 S - an uncursed ring of resist corrosion
 X - a ring of protection from cold (left hand)
 Y - an uncursed ring of flight
Wands
 b - a wand of paralysis (14/24)
 w - a wand of disintegration (10/24)
 H - a wand of heal wounds (2/9)
 I - a wand of hasting (4/9)
 T - a wand of digging (10/24)
 U - a wand of heal wounds (4/9)
Scrolls
 d - 6 scrolls of immolation
 i - 4 scrolls of teleportation
 o - a scroll of summoning
 q - a scroll of enchant armour
 x - 6 scrolls of fog
 y - 10 scrolls of remove curse
 B - 2 scrolls of fear
 F - 5 scrolls of recharging
 L - 5 scrolls of blinking
 W - 5 scrolls of magic mapping
Potions
 e - a potion of brilliance
 g - 14 potions of curing
 h - 4 potions of might
 j - 3 potions of haste
 k - 3 potions of berserk rage
 l - 7 potions of heal wounds
 r - a potion of invisibility
 z - 2 potions of resistance
 J - 4 potions of cancellation
 P - 5 potions of ambrosia
 R - a potion of magic
 V - 5 potions of agility
Miscellaneous
 N - a phial of floods
Comestibles
 c - 15 bread rations
 f - 5 slices of pizza
 D - 25 fruits
 K - 4 beef jerkies
 Z - 15 royal jellies


   Skills:
 + Level 17.3(17.1) Fighting
 * Level 24.6(24.4) Axes
 + Level 17.0(16.8) Armour
 + Level 15.7(15.5) Dodging


You had 17 spell levels left.
You didn't know any spells.

Dungeon Overview and Level Annotations

Branches:
Dungeon (15/15)            Temple (0/1) D:7            Lair (6/6) D:8
  Swamp (4/4) Lair:2       Spider (4/4) Lair:2        Slime (0/5) Lair:5
    Orc (2/2) D:11            Elf (0/3) Orc:2        Vaults (2/5) D:14
 Depths (0/5) D:15
  Crypt: Vaults:2-3

Altars:
Ashenzari
Cheibriados
Nemelex Xobeh
Ru
Sif Muna
Vehumet
Xom
Beogh

Shops:
D:5 *   D:7 ([}*(   D:10 }   D:12 =   Orc:2 %[([   Vaults:1 *

Portals:
Trove: D:15 (give 9 potions of agility)

Annotations:
D:8 exclusion: ice statue


Innate Abilities, Weirdness & Mutations

You reflexively headbutt those who attack you in melee.
You have a pair of large horns on your head.
You are partially covered in rugged brown scales. (AC +1, +3% HP)
You are partially covered in slimy green scales. (AC +2)
You are agile. (Dex +2)
You tend to lose your temper in combat.
You are robust. (+10% HP)
You are resistant to electric shocks. (rElec)


Message History

The wizard is almost dead.
You barely miss the white ugly thing. You hit the brown ugly thing.
The brown ugly thing bites you but does no damage.
The wizard hits you but does no damage. The white ugly thing pecks you.
* * * LOW HITPOINT WARNING * * *
The white ugly thing freezes you!!
* * * LOW HITPOINT WARNING * * *
Evoke which item? (* to show all) (? for menu, Esc to quit)
Zapping:
H - a wand of heal wounds (3/9)
Press: ? - help, Shift-Dir - straight line, f - you You feel much better.
This wand has 2 charges left.
The brown ugly thing bites you!
* * * LOW HITPOINT WARNING * * *
The acid corrodes you!
You are splashed with acid!
The acid burns!
* * * LOW HITPOINT WARNING * * *
The wizard misses you. The white ugly thing barely misses you.
The brown ugly thing completely misses you.
The wizard points at you and mumbles some strange words.
The crystal spear hits you!
You die...

#...# #...#
#...# #...# .
#(..#
..#########...#
..............#
......u..(....#
......u@......#
......up......#
.........[....#
..............#
..............#
..............#
..............#
..............#


You could see 3 ugly things and a wizard.

Vanquished Creatures
  2 tentacled monstrosities
  4 thorn hunters
  4 vault wardens (Vaults:1)
  The ghost of MDvedh the Severer, an adept TeBe of Trog (Spider:2)
  3 ghost moths (Spider:4)
  A caustic shrike zombie (D:15)
  8 emperor scorpions (Spider:4)
  2 orc warlords (Orc:2)
  2 ironheart preservers (Vaults:1)
  A stone giant (Vaults:2)
  2 entropy weavers (Spider:2)
  A very ugly thing (IceCv)
  Azrael (D:13)
  Snorg (Lair:3)
  Josephine (D:10)
  A minotaur (Lab)
  2 fire dragons (Vaults:1)
  17 hydras
  A death knight (Vaults:1)
  3 centaur warriors
  A deep troll shaman (Vaults:1)
  A merfolk avatar (Lair:6)
  2 ghost crabs (Swamp:3)
  Erica (D:10)
  5 alligators
  A tengu warrior (D:14)
  A queen ant (Lair:3)
  4 ogre magi
  A deep troll earth mage (Vaults:1)
  Sonja (Lair:1)
  6 skeletal warriors
  A sea snake (Lair:6)
  2 unseen horrors
  4 shambling mangroves
  10 swamp dragons
  3 deep trolls (Vaults:1)
  6 hill giants
  A spriggan druid (Swamp:4)
  2 wizards
  A death drake (shapeshifter) (D:14)
  2 harpies (Lair:6)
  2 ironbrand convokers (Vaults:1)
  A deep elf archer (Vaults:1)
  3 necromancers
  6 orc knights
  2 orb spiders (shapeshifter) (Vaults:1)
  A deep elf mage (D:13)
  3 orc sorcerers
  14 orb spiders
  34 wolf spiders
  4 cyclopes
  14 ugly things
  A manticore (Lair:6)
  A human skeleton (Vaults:1)
  A moth of wrath (Spider:2)
  An elephant (Lair:6)
  Joseph (D:8)
  2 vault sentinels (Vaults:1)
  5 black mambas
  3 gargoyles
  Psyche (D:11)
  6 ice statues
  6 rime drakes
  8 demonic crawlers
  16 spiny frogs
  14 komodo dragons
  7 yaktaurs
  6 anaconda simulacra (IceCv)
  2 guardian mummies (D:15)
  A yaktaur skeleton (Vaults:1)
  2 tengu conjurers (D:14)
  4 polar bears (Lair:6)
  A queen bee (D:11)
  26 jumping spiders
  2 harpy skeletons
  25 hornets
  7 trolls
  26 slime creatures
  6 two-headed ogres
  6 tyrant leeches
  7 bog bodies
  6 dream sheep (Lair:6)
  A minotaur skeleton (Lab)
  14 blink frogs
  9 hippogriffs
  A spriggan (shapeshifter) (Vaults:1)
  A spriggan skeleton (D:15)
  64 redbacks
  10 spriggans
  9 wraiths
  2 shadows
  32 tarantellas
  A dire elephant simulacrum (IceCv)
  A human (shapeshifter) (D:15)
  39 yaks
  7 wyverns
  8 basilisks
  A golden eye (shapeshifter) (D:14)
  4 hungry ghosts
  A steam dragon (shapeshifter) (Vaults:1)
  Grum (D:11)
  A mottled dragon (Vaults:1)
  42 vampire mosquitoes
  4 wargs
  8 insubstantial wisps
  2 harpy simulacra (IceCv)
  17 swamp worms
  11 water moccasins
  5 soldier ants (Lair:3)
  Duvessa (D:5)
  2 hell hounds (D:13)
  14 porcupines
  47 orc warriors
  16 swamp drakes
  A black bear (shapeshifter) (D:15)
  10 ice beasts
  A meliai simulacrum (D:15)
  4 phantoms
  7 sky beasts
  3 black bears
  16 wolves
  26 ogres
  7 boggarts
  15 centaurs
  11 crocodiles
  14 bullfrogs
  2 gnoll sergeants (D:11)
  A wyvern skeleton (D:14)
  A glowing shapeshifter simulacrum (Vaults:1)
  Dowan (D:5)
  5 scorpions
  15 killer bees (D:11)
  2 troll skeletons (Lab)
  18 wights
  4 howler monkeys
  6 crimson imps
  A bullfrog zombie (D:13)
  4 jellies
  3 centaur zombies
  7 centaur skeletons
  7 hounds
  26 orc priests
  A bullfrog skeleton (D:12)
  Jessica (D:2)
  Ijyb (D:2)
  7 iguanas
  24 orc wizards
  Terence (D:2)
  21 worker ants
  A hound zombie (D:11)
  2 hound skeletons
  A worker ant zombie (D:11)
  2 gnolls (D:11)
  5 river rats (D:8)
  6 adders
  4 shadow imps
  2 oozes
  An adder skeleton (D:4)
  4 worms
  2 dart slugs (D:1)
  5 leopard geckos
  98 orcs
  7 giant cockroaches
  8 goblins
  2 hobgoblins
  11 jackals
  5 quokkas
  A ball python (D:2)
  12 bats
  5 frilled lizards
  A giant cockroach zombie (D:3)
  2 jackal skeletons
  4 kobolds
  A leopard gecko skeleton (D:8)
  A leopard gecko zombie (D:7)
  20 rats
  8 briar patches (Swamp:2)
  8 fungi
  10 plants
  2 withered plants (D:15)
1289 creatures vanquished.

Vanquished Creatures (collateral kills)
  An emperor scorpion (Spider:4)
  An entropy weaver (Spider:4)
  4 hydras
  A swamp dragon (Swamp:1)
  A flayed ghost (D:15)
  A necromancer (D:15)
  A wolf spider (Spider:4)
  A frost giant zombie (D:15)
  A centaur zombie (D:15)
  A spiny frog (Lair:6)
  2 torpor snails
  A centaur skeleton (D:13)
  2 jumping spiders (Spider:4)
  2 hornets (Swamp:1)
  A dream sheep (Lair:6)
  A slime creature (Swamp:2)
  A spriggan skeleton (D:15)
  A spriggan (Swamp:1)
  A redback (Spider:4)
  A tarantella (Spider:4)
  A fire elemental (D:13)
  2 vampire mosquitoes
  A water moccasin (Lair:6)
  A hell hound (D:13)
  An ice beast (D:13)
  4 centaurs (D:13)
  5 killer bees (D:11)
  An orc wizard (D:13)
42 creatures vanquished.

Vanquished Creatures (others)
  A very ugly thing (IceCv)
  An orc priest (D:14)
  A rat (D:2)
  23 plants (Lair:6)
26 creatures vanquished.

Grand Total: 1357 creatures vanquished

Notes
Turn   | Place    | Note
-------+----------+-------------------------------------------
     0 | D:1      | dobroeutro the Minotaur Berserker began the quest for the Orb.
     0 | D:1      | Reached XP level 1. HP: 19/19 MP: 0/0
    28 | D:1      | Reached skill level 4 in Axes
    97 | D:1      | Reached XP level 2. HP: 18/26 MP: 1/1
   297 | D:1      | Reached skill level 5 in Axes
   430 | D:1      | Reached XP level 3. HP: 31/31 MP: 2/2
   546 | D:2      | Noticed Terence
   552 | D:2      | Killed Terence
   637 | D:2      | Reached XP level 4. HP: 38/39 MP: 3/3
   674 | D:2      | Reached skill level 6 in Axes
   715 | D:2      | Reached ** piety under Trog
   838 | D:2      | Noticed Jessica
   840 | D:2      | Killed Jessica
   889 | D:2      | Noticed Ijyb
  1166 | D:2      | Killed Ijyb
  1166 | D:2      | Reached XP level 5. HP: 45/45 MP: 4/4
  1228 | D:2      | Reached skill level 7 in Axes
  2291 | D:4      | Found a sacrificial altar of Ru.
  2294 | D:4      | Found a shimmering altar of Xom.
  2297 | D:4      | Found a snail-covered altar of Cheibriados.
  2300 | D:4      | Found a deep blue altar of Sif Muna.
  2759 | D:5      | Entered Level 5 of the Dungeon
  2764 | D:5      | Reached skill level 8 in Axes
  2764 | D:5      | Reached XP level 6. HP: 49/51 MP: 5/5
  2858 | D:5      | Noticed Dowan
  2859 | D:5      | Noticed Duvessa
  2868 | D:5      | Killed Duvessa
  2870 | D:5      | Killed Dowan
  2870 | D:5      | Reached skill level 9 in Axes
  3002 | D:5      | Reached XP level 7. HP: 57/57 MP: 6/6
  3183 | D:5      | Found Haownadgh's General Store.
  3190 | D:5      | Bought 2 potions of heal wounds for 140 gold pieces
  3225 | D:5      | Reached skill level 10 in Axes
  3680 | D:6      | Reached *** piety under Trog
  3775 | D:6      | Reached skill level 11 in Axes
  3806 | D:6      | Gained mutation: You have a somewhat thin skeletal structure. (Dex +2, Stealth) [mutagenic meat]
  3807 | D:6      | Gained mutation: You are partially covered in thin metallic scales. (AC +2) [mutagenic meat]
  3808 | D:6      | Gained mutation: Your body sometimes deteriorates upon taking damage. [mutagenic meat]
  3809 | D:6      | Gained mutation: You are partially covered in slimy green scales. (AC +2) [mutagenic meat]
  3811 | D:6      | Gained mutation: Your mind is acute. (Int +2) [mutagenic meat]
  3827 | D:6      | Reached XP level 8. HP: 53/64 MP: 5/7
  3855 | D:6      | Found a sparkling altar of Nemelex Xobeh.
  3883 | D:6      | Found a radiant altar of Vehumet.
  4211 | D:6      | Reached skill level 12 in Axes
  4356 | D:7      | Found Omanoep's Weapon Shoppe.
  4387 | D:7      | Bought a +0 war axe of freezing for 107 gold pieces
  4400 | D:7      | Identified a scroll of acquirement
  4406 | D:7      | Reached skill level 13 in Axes
  4413 | D:7      | Found Kozoq's General Store.
  4420 | D:7      | You fall through a shaft for 2 floors!
  4517 | D:9      | Noticed a hippogriff
  4524 | D:9      | Killed a hippogriff
  4695 | D:7      | Found Nuofupp's Gadget Shop.
  4696 | D:7      | Found a staircase to the Ecumenical Temple.
  4740 | D:7      | Reached **** piety under Trog
  4829 | D:7      | Reached XP level 9. HP: 69/70 MP: 8/8
  4861 | D:7      | Found Batuq's Armour Shop.
  4874 | D:7      | Bought a +0 cloak for 54 gold pieces
  4958 | D:7      | Found Mycoing's Antique Weapon Shoppe.
  4989 | D:7      | Reached skill level 14 in Axes
  5314 | D:8      | Noticed an ice devil
  5316 | D:8      | Noticed an ice statue
  5435 | D:8      | Noticed an ice devil
  5619 | D:8      | Noticed Joseph
  5630 | D:8      | Killed Joseph
  5630 | D:8      | Reached skill level 15 in Axes
  5801 | D:8      | Got a spiked plate armour
  5812 | D:8      | Identified the +1 plate armour of Beogh's Esteem {MR+} (You found it on level 8 of the Dungeon)
  5882 | D:8      | Noticed an ice devil
  5882 | D:8      | Noticed an ice devil
  5883 | D:8      | Noticed an ice devil
  6055 | D:8      | Noticed an ice devil
  6116 | D:8      | Found a staircase to the Lair.
  6619 | D:9      | Reached skill level 16 in Axes
  6637 | D:9      | Reached XP level 10. HP: 67/79 MP: 9/9
  6760 | D:9      | Noticed a hill giant
  6770 | D:9      | Killed a hill giant
  6890 | D:10     | Entered Level 10 of the Dungeon
  6890 | D:10     | Noticed Erica
  6891 | D:10     | Noticed a brown ugly thing
  6898 | D:10     | Killed Erica
  6898 | D:10     | Reached skill level 5 in Fighting
  6899 | D:10     | Killed a brown ugly thing
  6899 | D:10     | Reached skill level 5 in Armour
  7201 | D:10     | Noticed Josephine
  7206 | D:10     | Killed Josephine
  7206 | D:10     | Reached skill level 5 in Dodging
  7222 | D:10     | Reached ***** piety under Trog
  7240 | D:10     | Reached XP level 11. HP: 84/91 MP: 10/10
  7296 | D:10     | Found Teufy's Gadget Shoppe.
  7655 | D:11     | Noticed Grum
  7655 | D:11     | Noticed Psyche
  7665 | D:11     | Killed Psyche
  7667 | D:11     | Killed Grum
  7675 | D:11     | Got a faintly glowing pewter ring
  7686 | D:11     | Identified the ring of Wiel {rElec rPois rC- Str+4 Int+3} (You found it on level 11 of the Dungeon)
  7768 | D:11     | Received a gift from Trog
  7772 | D:11     | Got a jewelled battleaxe {god gift}
  7773 | D:11     | Identified the +2 battleaxe of Trog's Whim {antimagic, Dex+5} (Trog gifted it to you on level 11 of the Dungeon)
  7792 | D:11     | Found a staircase to the Orcish Mines.
  7855 | Orc:1    | Entered Level 1 of the Orcish Mines
  7866 | Orc:1    | Reached skill level 17 in Axes
  7902 | Orc:1    | Found a roughly hewn altar of Beogh.
  8042 | Orc:1    | Received a gift from Trog
  8462 | D:11     | Noticed a hill giant
  8471 | D:11     | Killed a hill giant
  8953 | D:12     | Found Ciatuitz's Jewellery Emporium.
  9379 | D:12     | Reached XP level 12. HP: 104/104 MP: 3/11
  9821 | D:13     | Gained mutation: You can translocate small distances at will. [mutagenic meat]
  9822 | D:13     | Lost mutation: You can translocate small distances at will. [mutagenic meat]
  9823 | D:13     | Gained mutation: You expend magic power (3 MP) to strengthen your wands. [mutagenic meat]
  9824 | D:13     | Gained mutation: You can translocate small distances at will. [mutagenic meat]
  9851 | D:13     | Received a gift from Trog
 10067 | D:13     | Noticed Azrael
 10073 | D:13     | Noticed a seven-headed hydra
 10078 | D:13     | Killed Azrael
 10078 | D:13     | Reached skill level 10 in Fighting
 10083 | D:13     | Killed a seven-headed hydra
 10083 | D:13     | Reached skill level 10 in Armour
 10419 | D:13     | Reached skill level 18 in Axes
 10784 | Lair:1   | Entered Level 1 of the Lair of Beasts
 10877 | Lair:1   | Noticed a four-headed hydra
 10883 | Lair:1   | Killed a four-headed hydra
 10943 | Lair:1   | Noticed Sonja
 10947 | Lair:1   | Killed Sonja
 10947 | Lair:1   | Reached XP level 13. HP: 115/116 MP: 4/12
 11031 | Lair:1   | Reached skill level 10 in Dodging
 11654 | Lair:2   | Received a gift from Trog
 11738 | Lair:2   | Found a hole to the Spider Nest.
 12150 | Lair:2   | Found a staircase to the Swamp.
 12570 | Lair:3   | Gained mutation: You passively map a small area around you. [potion of mutation]
 12570 | Lair:3   | Gained mutation: You occasionally shout uncontrollably at your foes. [potion of mutation]
 12838 | Lair:3   | Received a gift from Trog
 12869 | Lair:3   | Reached skill level 19 in Axes
 12922 | Lair:3   | Noticed Snorg
 12931 | Lair:3   | Killed Snorg
 13269 | Lair:4   | Found a labyrinth entrance.
 13281 | Lab      | Entered a labyrinth
 13666 | Lab      | Noticed a minotaur
 13671 | Lab      | Killed a minotaur
 13684 | Lab      | Got a faintly glowing chain mail
 13696 | Lab      | Identified the +0 chain mail of Wariness {*Drain +Blink Int+3 Dex+5} (You found it in a labyrinth)
 14301 | Lair:5   | Found a staircase to the Slime Pits.
 14462 | Lair:5   | Got a heavily runed ruby amulet
 14463 | Lair:5   | Identified the amulet "Peny Appass" {Reflect rElec rF+ Int+3 SH+2} (You found it on level 5 of the Lair of Beasts)
 14489 | Lair:5   | Reached XP level 14. HP: 112/126 MP: 13/13
 14810 | Lair:6   | Entered Level 6 of the Lair of Beasts
 14856 | Lair:6   | Received a gift from Trog
 15604 | Lair:6   | Reached skill level 20 in Axes
 16464 | D:14     | Received a gift from Trog
 16514 | D:14     | Found a gate to the Vaults.
 17323 | D:15     | Entered Level 15 of the Dungeon
 17373 | D:15     | Reached ****** piety under Trog
 17433 | D:15     | Found a portal to a secret trove of treasure.
 17556 | D:15     | Found a sacrificial altar of Ru.
 17667 | D:15     | Received a gift from Trog
 17669 | D:15     | Reached XP level 15. HP: 124/136 MP: 14/14
 17681 | D:15     | Found a staircase to the Depths.
 18360 | Orc:2    | Entered Level 2 of the Orcish Mines
 18411 | Orc:2    | Found a roughly hewn altar of Beogh.
 18499 | Orc:2    | Found a staircase to the Elven Halls.
 18506 | Orc:2    | Reached skill level 21 in Axes
 18661 | Orc:2    | Noticed an orc warlord
 18674 | Orc:2    | Killed an orc warlord
 18876 | Orc:2    | Found a roughly hewn altar of Beogh.
 19012 | Orc:2    | Found a roughly hewn altar of Beogh.
 19027 | Orc:2    | Found Rulunocu's Food Boutique.
 19092 | Orc:2    | Received a gift from Trog
 19100 | Orc:2    | Noticed an orc warlord
 19133 | Orc:2    | Killed an orc warlord
 19187 | Orc:2    | Found Mymaqeho's Antique Armour Emporium.
 19188 | Orc:2    | Found a roughly hewn altar of Beogh.
 19189 | Orc:2    | Found Quyc's Antique Weapon Shoppe.
 19224 | Orc:2    | Found a roughly hewn altar of Beogh.
 19418 | Orc:2    | Found a roughly hewn altar of Beogh.
 19436 | Orc:2    | Found Beletokki's Antique Armour Shop.
 19533 | Orc:2    | Bought a pair of runed boots for 273 gold pieces
 19548 | Orc:2    | Bought a bloodstained scale mail for 234 gold pieces
 19558 | Orc:2    | Identified the +5 scale mail of the Tarantula {*Corrode rC+ Dex+4} (You bought it in a shop on level 2 of the Orcish Mines)
 19687 | Orc:2    | Bought a pair of runed boots for 399 gold pieces
 19697 | Orc:2    | Identified a +0 pair of boots of running (You bought it in a shop on level 2 of the Orcish Mines)
 19703 | Orc:2    | Bought the +3 hat of Pondering {ponderous, MR+ MP+10 Int+5} for 649 gold pieces
 19932 | Swamp:1  | Entered Level 1 of the Swamp
 19986 | Swamp:1  | Paralysed by a hornet for 2 turns
 21054 | Swamp:1  | Received a gift from Trog
 21101 | Swamp:1  | Gained mutation: You have sharp toenails. [mutagenic meat]
 21102 | Swamp:1  | Gained mutation: You are robust. (+10% HP) [mutagenic meat]
 21103 | Swamp:1  | Gained mutation: Your body often deteriorates upon taking damage. [mutagenic meat]
 21104 | Swamp:1  | Lost mutation: You are robust. (+10% HP) [mutagenic meat]
 21113 | Swamp:1  | Lost mutation: Your mind is acute. (Int +2) [mutagenic meat]
 21113 | Swamp:1  | Lost mutation: You are partially covered in thin metallic scales. (AC +2) [potion of cure mutation]
 21113 | Swamp:1  | Lost mutation: Your body often deteriorates upon taking damage. [potion of cure mutation]
 21113 | Swamp:1  | Lost mutation: You passively map a small area around you. [potion of cure mutation]
 21113 | Swamp:1  | Lost mutation: You have a somewhat thin skeletal structure. (Dex +2, Stealth) [potion of cure mutation]
 21114 | Swamp:1  | Lost mutation: You occasionally shout uncontrollably at your foes. [potion of cure mutation]
 21114 | Swamp:1  | Lost mutation: You expend magic power (3 MP) to strengthen your wands. [potion of cure mutation]
 21114 | Swamp:1  | Lost mutation: Your body sometimes deteriorates upon taking damage. [potion of cure mutation]
 21233 | Swamp:1  | Found a runed door.
 21233 | Swamp:1  | Noticed a tentacled monstrosity
 21488 | Swamp:1  | Killed a tentacled monstrosity
 21652 | Swamp:2  | Noticed a thorn hunter
 21674 | Swamp:2  | Killed a thorn hunter
 22305 | Swamp:2  | Noticed a thorn hunter
 22312 | Swamp:2  | Killed a thorn hunter
 22312 | Swamp:2  | Reached XP level 16. HP: 88/147 MP: 15/15
 22516 | Swamp:3  | Gained mutation: You have a pair of large horns on your head. [mutagenic meat]
 22517 | Swamp:3  | Lost mutation: You have sharp toenails. [mutagenic meat]
 22518 | Swamp:3  | Gained mutation: You tend to lose your temper in combat. [mutagenic meat]
 22519 | Swamp:3  | Gained mutation: You are partially covered in rugged brown scales. (AC +1, +3% HP) [mutagenic meat]
 22520 | Swamp:3  | Gained mutation: You are agile. (Dex +2) [mutagenic meat]
 22521 | Swamp:3  | Gained mutation: You are resistant to electric shocks. (rElec) [mutagenic meat]
 22522 | Swamp:3  | Gained mutation: You are robust. (+10% HP) [mutagenic meat]
 22523 | Swamp:3  | Lost mutation: You can translocate small distances at will. [mutagenic meat]
 22745 | Swamp:3  | Reached skill level 22 in Axes
 23192 | Swamp:4  | Entered Level 4 of the Swamp
 23209 | Swamp:3  | Reached skill level 15 in Fighting
 23371 | Swamp:4  | Noticed a thorn hunter
 23387 | Swamp:4  | Killed a thorn hunter
 23842 | Swamp:4  | Reached skill level 15 in Armour
 24334 | Swamp:4  | Received a gift from Trog
 24387 | Swamp:4  | Noticed a thorn hunter
 24400 | Swamp:4  | Killed a thorn hunter
 24565 | Swamp:4  | Got a decaying rune of Zot
 24805 | Spider:1 | Entered Level 1 of the Spider Nest
 25572 | Spider:2 | Reached XP level 17. HP: 177/177 MP: 16/16
 25655 | Spider:2 | Reached skill level 23 in Axes
 25700 | Spider:2 | Noticed MDvedh's ghost (adept TeBe)
 25707 | Spider:2 | Killed MDvedh's ghost
 25746 | Spider:2 | Found a frozen archway.
 25759 | IceCv    | Entered an ice cave
 25767 | IceCv    | Received a gift from Trog
 27831 | Spider:3 | Received a gift from Trog
 28138 | Spider:4 | Entered Level 4 of the Spider Nest
 28722 | Spider:4 | Reached skill level 15 in Dodging
 28967 | Spider:4 | Received a gift from Trog
 29503 | Spider:4 | Got a gossamer rune of Zot
 29573 | Spider:4 | Reached skill level 24 in Axes
 29665 | Spider:4 | Reached XP level 18. HP: 136/189 MP: 13/17
 30127 | Vaults:1 | Entered Level 1 of the Vaults
 30274 | Vaults:1 | Noticed a tentacled monstrosity
 30275 | Vaults:1 | Received a gift from Trog
 30283 | Vaults:1 | Killed a tentacled monstrosity
 30298 | Vaults:1 | Got a shimmering battleaxe {god gift}
 30299 | Vaults:1 | Identified the +12 battleaxe of Saetip {antimagic, *Contam rPois Int+6} (Trog gifted it to you on level 1 of the Vaults)
 30626 | Vaults:1 | Found Git Ruru's General Store.
 30869 | Vaults:1 | Got a transparent iron ring
 30871 | Vaults:1 | Identified the ring "Butimics" {Dex+3 Stlth+} (You found it on level 1 of the Vaults)
 30969 | Vaults:1 | Found a shattered altar of Ashenzari.
 31167 | Vaults:2 | Received a gift from Trog
 31234 | Vaults:2 | Killed from afar by a wizard

Skill      XL: |  1  2  3  4  5  6  7  8  9 10 11 12 13 14 15 16 17 18 |
---------------+-------------------------------------------------------+-----
Axes           | 4 5 6 8 9 11 13 16 17 18 19 20 21 22 24 | 24.6
Fighting       | 4 6 9 11 12 13 14 15 16 17 | 17.3
Armour         | 3 6 8 10 12 13 14 15 16 17 | 17.0
Dodging        | 5 8 9 11 12 13 14 15 | 15.7

Action                   |  1- 3 |  4- 6 |  7- 9 | 10-12 | 13-15 | 16-18 || total
-------------------------+-------+-------+-------+-------+-------+-------++-------
Melee: Hand axe          |    58 |   102 |    82 |       |       |       ||   242
       Headbutt          |     7 |    17 |    60 |   114 |   263 |   235 ||   696
       War axe           |       |       |    27 |       |    44 |    10 ||    81
       Battleaxe         |       |       |   134 |   469 |   571 |   200 ||  1374
       Executioner's axe |       |       |       |       |   479 |   792 ||  1271
Invok: Berserk           |     1 |     3 |     3 |    10 |     1 |     5 ||    23
       Burn Spellbooks   |       |       |       |     5 |     4 |     3 ||    12
       Brothers in Arms  |       |       |       |     6 |     5 |     2 ||    13
       Trog's Hand       |       |       |       |     2 |     4 |     2 ||     8
Evoke: Wand              |       |       |       |       |     1 |     1 ||     2
  Use: Scroll            |       |       |    17 |     8 |    19 |    14 ||    58
       Potion            |       |       |       |     2 |     6 |     3 ||    11
 Stab: Sleeping          |     1 |       |       |       |       |       ||     1
       Distracted        |       |       |       |       |     1 |     1 ||     2
       Confused          |       |       |       |       |       |     2 ||     2
  Eat: Chunk             |       |     9 |    22 |    17 |    30 |    13 ||    91
       Pizza             |       |       |     1 |       |     1 |     2 ||     4
       Meat ration       |       |       |       |     3 |     3 |     5 ||    11
       Beef jerky        |       |       |       |       |     3 |     2 ||     5
       Bread ration      |       |       |       |       |     2 |       ||     2
       Royal jelly       |       |       |       |       |     1 |       ||     1
Armor: Animal skin       |     9 |       |       |       |       |       ||     9
       Scale mail        |     3 |    37 |    72 |       |       |       ||   112
       Plate armour      |       |       |    32 |   236 |   623 |   642 ||  1533
Dodge: Dodged            |    25 |    42 |   103 |   275 |   695 |   800 ||  1940
Block: Other             |       |       |       |       |    38 |    60 ||    98
       Reflection        |       |       |       |       |     2 |     1 ||     3
